 Dungeon Sprint DCSS version 0.24-a0-581-gc0fa660 (webtiles) character file.

Game seed: 8741501640783950103

25 silentkaos13 the Shooter (level 3, -28/32 HPs)
             Began as a Gnoll Wanderer on Aug 23, 2019.
             Annihilated by an ogre
             ... wielding a +0 giant spiked club
              (33 damage)
             ... in the Dungeon (Sprint I: "Red Sonja").
             The game lasted 00:00:41 (213 turns).

silentkaos13 the Shooter (Gnoll Wanderer)            Turns: 213, Time: 00:00:42

Health: -28/32     AC:  6    Str: 13    XL:     3   Next: 4%
Magic:  3/7        EV: 11    Int: 17    God:
Gold:   0          SH:  0    Dex: 13    Spells: 5/8 levels left

rFire    + . .     SeeInvis .   a - +0 club
rCold    . . .     Gourm    .   (no shield)
rNeg     . . .     Faith    .   d - +1 ring mail {rF+}
rPois    .         Spirit   .   (no helmet)
rElec    .         Reflect  .   (no cloak)
rCorr    .         Harm     .   (no gloves)
MR       .....     NoTele   +   (no boots)
Stlth    +.........             (no amulet)
HPRegen  0.10/turn              (no ring)
MPRegen  0.10/turn              (no ring)

@: no status effects
A: distributed training, fangs 1, strong nose
a: no special abilities


You were in the Dungeon.
You were not hungry.

You visited 1 branch

Inventory:

Hand Weapons
 a - a +0 club (weapon)
Armour
 b - a +0 ring mail
 d - a +1 ring mail of fire resistance (worn)
Wands
 c - a wand of random effects (14)
Scrolls
 k - a scroll of blinking
Potions
 e - a potion of curing
 g - a potion of heal wounds
 h - a potion of haste
 i - 2 potions of magic
 j - a potion of berserk rage
Comestibles
 f - a ration


   Skills:
 + Level 4.9 Fighting
 + Level 1.7 Short Blades
 + Level 1.7 Long Blades
 + Level 1.7 Axes
 + Level 1.7 Maces & Flails
 + Level 1.7 Polearms
 + Level 1.7 Staves
 + Level 1.7 Slings
 + Level 4.9 Bows
 + Level 1.7 Crossbows
 + Level 1.7 Throwing
 + Level 3.1 Armour
 + Level 1.7 Dodging
 + Level 1.7 Stealth
 + Level 3.1 Shields
 + Level 1.7 Unarmed Combat
 + Level 3.3 Spellcasting
 + Level 4.0 Conjurations
 + Level 1.3 Hexes
 + Level 1.3 Charms
 + Level 1.3 Summonings
 + Level 1.3 Necromancy
 + Level 1.3 Translocations
 + Level 1.3 Transmutations
 + Level 1.3 Fire Magic
 + Level 1.3 Ice Magic
 + Level 1.3 Air Magic
 + Level 1.3 Earth Magic
 + Level 1.3 Poison Magic
 + Level 1.9 Invocations
 + Level 3.1 Evocations


You had 5 spell levels left.
You knew the following spells:

 Your Spells              Type           Power        Failure   Level  Hunger
a - Magic Dart            Conj           ###.         7%          1    None
b - Searing Ray           Conj           ###...       10%         2    ##.....

Your spell library contained the following spells:

 Spells                   Type           Power        Failure   Level  Hunger
 Dazzling Spray           Conj/Hex       ##....       34%         3    ###....
 Iskenderun's Mystic Bla  Conj           ###.....     54%         4    ####...
 Force Lance              Conj/Tloc      ##......     75%         4    ####...
 Fulminant Prism          Conj/Hex       ##........   75%         4    ####...


Dungeon Overview and Level Annotations

Branches:
Dungeon (1/1)

Altars:


Innate Abilities, Weirdness & Mutations

Your experience applies equally to all skills.
You have very sharp teeth.
Your uncanny sense of smell can sniff out nearby items.


Message History

You open the door.
An ogre comes into view. It is wielding a +0 giant spiked club.
The ogre shouts!
Cast which spell? (? or * to list)
Aiming: Searing Ray (safe; 10% risk of failure)
Press: ? - help, Shift-Dir - straight line, f - ogre
Aim: an ogre, wielding a +0 giant spiked club The searing ray hits the ogre.
The ogre is lightly wounded. (Press . to maintain the ray.)
The searing ray hits the ogre.
The ogre is moderately wounded.
The ogre hits you with a +0 giant spiked club!!
Ouch! That really hurt!
* * * LOW HITPOINT WARNING * * *
The searing ray hits the ogre!
The ogre is heavily wounded.
The ogre hits you with a +0 giant spiked club!!
Ouch! That really hurt!
You die...

##########
#<.#.@O..#
#..'..#..+
#..#### +#
#..# ∆∆
∆∆∆ #..#
∆∆ #).#
#⌠⌠# ####
∆∆


You could see an ogre.

Vanquished Creatures
  Ijyb (D)
1 creature vanquished.

Notes
Turn   | Place    | Note
-------+----------+-------------------------------------------
     0 | D        | silentkaos13 the Gnoll Wanderer began the quest for the
                  | Orb.
     0 | D        | silentkaos13 set off with the following items: a +0 club, a
                  | +0 ring mail, a wand of random effects (15), a potion of
                  | curing, a ration, a potion of heal wounds, a potion of
                  | haste, 2 potions of magic, a potion of berserk rage, a
                  | scroll of blinking; and the following spell memorised:
                  | Magic Dart; and the following spells available to memorise:
                  | Searing Ray, Dazzling Spray, Iskenderun's Mystic Blast,
                  | Force Lance, Fulminant Prism
     0 | D        | Reached XP level 1. HP: 20/20 MP: 4/4
     1 | D        | Noticed Ijyb
    36 | D        | Killed Ijyb
    36 | D        | Reached skill level 1 in Short Blades
    36 | D        | Reached skill level 1 in Long Blades
    36 | D        | Reached skill level 1 in Axes
    36 | D        | Reached skill level 1 in Maces & Flails
    36 | D        | Reached skill level 1 in Polearms
    36 | D        | Reached skill level 1 in Staves
    36 | D        | Reached skill level 1 in Slings
    36 | D        | Reached skill level 1 in Crossbows
    36 | D        | Reached skill level 1 in Throwing
    36 | D        | Reached skill level 1 in Dodging
    36 | D        | Reached skill level 1 in Stealth
    36 | D        | Reached skill level 1 in Unarmed Combat
    36 | D        | Reached skill level 1 in Hexes
    36 | D        | Reached skill level 1 in Charms
    36 | D        | Reached skill level 1 in Summonings
    36 | D        | Reached skill level 1 in Necromancy
    36 | D        | Reached skill level 1 in Translocations
    36 | D        | Reached skill level 1 in Transmutations
    36 | D        | Reached skill level 1 in Fire Magic
    36 | D        | Reached skill level 1 in Ice Magic
    36 | D        | Reached skill level 1 in Air Magic
    36 | D        | Reached skill level 1 in Earth Magic
    36 | D        | Reached skill level 1 in Poison Magic
    36 | D        | Reached skill level 1 in Invocations
    36 | D        | Reached XP level 2. HP: 12/26 MP: 6/6
    36 | D        | Reached XP level 3. HP: 15/32 MP: 7/7
   204 | D        | Learned a level 2 spell: Searing Ray
   210 | D        | Noticed an ogre
   213 | D        | Annihilated by an ogre

Levels and vault maps discovered:
D:        dungeon_sprint_1 [red_sonja_temple_1, red_sonja_temple_small_1]

Skill      XL: |  1 |
---------------+----+-----
Short Blades   | 1 |  1.7
Long Blades    | 1 |  1.7
Axes           | 1 |  1.7
Maces & Flails | 1 |  1.7
Polearms       | 1 |  1.7
Staves         | 1 |  1.7
Slings         | 1 |  1.7
Crossbows      | 1 |  1.7
Throwing       | 1 |  1.7
Armour         | 3 |  3.1
Dodging        | 1 |  1.7
Stealth        | 1 |  1.7
Shields        | 3 |  3.1
Unarmed Combat | 1 |  1.7
Spellcasting   | 3 |  3.3
Conjurations   | 4 |  4.0
Hexes          | 1 |  1.3
Charms         | 1 |  1.3
Summonings     | 1 |  1.3
Necromancy     | 1 |  1.3
Translocations | 1 |  1.3
Transmutations | 1 |  1.3
Fire Magic     | 1 |  1.3
Ice Magic      | 1 |  1.3
Air Magic      | 1 |  1.3
Earth Magic    | 1 |  1.3
Poison Magic   | 1 |  1.3
Invocations    | 1 |  1.9
Evocations     | 3 |  3.1
Fighting       | |  4.9
Bows           | |  4.9

Action                   || total
-------------------------++-------
Melee: Club              ||    29
       Bite              ||     8
 Cast: Searing Ray       ||     1
Evoke: Wand              ||     1
Armor: Ring mail         ||    10
Dodge: Dodged            ||    13

Table legend:
 A = Non-vault XP
 B = Vault XP
 C = Vault XP percentage of total XP
 D = Non-vault monster count
 E = Vault monster count
 F = Vault count percentage of total count
                 A         B        C        D         E       F
            +---------+---------+-------+---------+---------+-------
      Total |       0 |      36 | 100.0 |       0 |       1 | 100.0
            +---------+---------+-------+---------+---------+-------
          D |       0 |      36 | 100.0 |       0 |       1 | 100.0
            +---------+---------+-------+---------+---------+-------
